 Dungeon Crawl Stone Soup version 0.27.1-3-gb3d3a73c9e (webtiles) character file.

Game seed: 6526330415858836746

95 raph the Firebug (level 4, -4/24 HPs)
             Began as a Deep Elf Fire Elementalist on Oct 27, 2021.
             Slain by Terence (10 damage)
             ... on level 3 of the Dungeon.
             The game lasted 00:02:54 (2120 turns).

raph the Firebug (Deep Elf Fire Elementalist)       Turns: 2120, Time: 00:02:55

Health: -4/24      AC:  2    Str:  5    XL:     4   Next: 39%
Magic:  5/10       EV: 12    Int: 21    God:
Gold:   55         SH:  0    Dex: 15    Spells: 5/9 levels left

rFire    . . .     SeeInvis .   d - +0 dagger
rCold    . . .     Faith    .   (no shield)
rNeg     . . .     Spirit   .   a - +0 robe
rPois    .         Reflect  .   (no helmet)
rElec    .         Harm     .   (no cloak)
rCorr    .         Rampage  .   (no gloves)
Will     .....                  (no boots)
Stlth    ++........             (no amulet)
HPRegen  0.08/turn              (no ring)
MPRegen  0.12/turn              (no ring)

@: no status effects
A: no striking features
a: no special abilities


You were on level 3 of the Dungeon.
You visited 1 branch of the dungeon, and saw 3 of its levels.

You collected 55 gold pieces.

Inventory:

Hand Weapons
 d - a +0 dagger (weapon)
Missiles
 b - 16 poisoned darts
Armour
 a - a +0 robe (worn)
Scrolls
 c - 3 scrolls of teleportation {unknown}
 h - 2 scrolls of immolation
 i - a scroll of magic mapping {unknown}
Potions
 e - a potion of cancellation {unknown}
 f - a potion of curing {unknown}
 g - 2 potions of degeneration {unknown}
 j - a potion of magic {unknown}


   Skills:
 - Level 2.4 Dodging
 - Level 2.4 Stealth
 - Level 3.0 Spellcasting
 + Level 3.3 Conjurations
 + Level 4.7 Fire Magic


You had 5 spell levels left.
You knew the following spells:

 Your Spells              Type           Power      Damage    Failure   Level
a - Foxfire               Conj/Fire      80%        2x1d8     2%          1
b - Conjure Flame         Conj/Fire      20%        6-21      8%          3

Your spell library contained the following spells:

 Spells                   Type           Power      Damage    Failure   Level
 Sting                    Tmut/Pois      12%        1d3       13%         1
 Inner Flame              Hex/Fire       13%        N/A       16%         3
 Poisonous Vapours        Pois/Air       6%         N/A       21%         2
 Sticky Flame             Conj/Fire      20%        2d4       26%         4
 Fireball                 Conj/Fire      10%        3d6       56%         5
 Olgreb's Toxic Radiance  Pois           3%         N/A       78%         4


Dungeon Overview and Level Annotations

Branches:
Dungeon (3/15)

Altars:

Annotations:
D:3 Terence


Message History

The orc hits you with a +0 hand axe.
The orc hits your foxfire but does no damage.
The orc closely misses your foxfire.
Casting: Foxfire (safe; 2% risk of failure)
Confirm with . or Enter, or press ? or * to list all spells.
You conjure some foxfire!
The foxfire hits the orc.
The orc is almost dead.
The foxfire hits the orc.
You kill the orc!
The orc hits you but does no damage. The hobgoblin hits you.
Casting: Foxfire (safe; 2% risk of failure)
Confirm with . or Enter, or press ? or * to list all spells.
You conjure some foxfire!
The foxfire hits the hobgoblin.
The hobgoblin is almost dead.
The foxfire hits the orc.
The orc is lightly wounded.
The hobgoblin misses you. The orc barely misses you.
Casting: Foxfire (safe; 2% risk of failure)
Confirm with . or Enter, or press ? or * to list all spells.
You conjure some foxfire!
The foxfire hits the orc.
The orc is moderately wounded.
The foxfire hits the orc.
The orc is almost dead.
Terence drinks a potion.
Terence suddenly seems more resistant.
The orc hits you with a +0 whip. The hobgoblin hits you.
* * * LOW HITPOINT WARNING * * *
You hit the orc.
You kill the orc!
The foxfire hits the hobgoblin.
You kill the hobgoblin!
The foxfire hits Terence.
Terence completely resists.
Casting: Foxfire (safe; 2% risk of failure)
Confirm with . or Enter, or press ? or * to list all spells.
You conjure some foxfire!
You hit Terence but do no damage.
The foxfire hits Terence but does no damage.
The foxfire hits Terence.
Terence resists.
Terence is lightly wounded.
Terence hits you with a +0 flail!
You die...

#. #.#
..##..#########
..............
#...(......#
#..........#
#..........##
#...@........
#...)@....(#
#...ยง).....#
#..........#
############


You could see Terence (resistant).

Vanquished Creatures
  An orc priest (D:2)
  An adder (D:2)
  2 orcs (D:3)
  3 ball pythons (D:1)
  6 endoplasms (D:1)
  2 giant cockroaches (D:1)
  6 goblins
  10 hobgoblins
  3 quokkas (D:2)
  7 bats
  5 frilled lizards
  A kobold (D:2)
  3 rats
50 creatures vanquished.

Vanquished Creatures (others)
  117 foxfires
117 creatures vanquished.

Grand Total: 167 creatures vanquished

Notes
Turn   | Place    | Note
-------+----------+-------------------------------------------
     0 | D:1      | raph the Deep Elf Fire Elementalist began the quest for the
                  | Orb.
     0 | D:1      | Reached XP level 1. HP: 10/10 MP: 6/6
   158 | D:1      | Reached XP level 2. HP: 8/15 MP: 6/8
   545 | D:1      | Reached skill level 4 in Fire Magic
   591 | D:1      | Reached XP level 3. HP: 19/19 MP: 4/9
  1036 | D:2      | Found a faded altar of an unknown god.
  1326 | D:2      | Learned a level 3 spell: Conjure Flame
  2016 | D:2      | Reached XP level 4. HP: 16/24 MP: 4/10
  2113 | D:3      | Noticed Terence
  2120 | D:3      | Slain by Terence

Illustrated notes

Levels and vault maps discovered:
D:1:      matt_arrival_diagonals, layout_basic, chequers_serial_rivers_small_a,
          minmay_tromino_v7
D:2:      layout_basic, hellmonk_ecumenical_altar_blasted, kennysheep_path_1,
          minmay_close_crescents
D:3:      layout_rooms, st_stairs_3, uniq_crazy_yiuf_cottage, uniq_terence

Skill      XL: |  1  2  3 |
---------------+----------+-----
Conjurations   | 2 3 |  3.3
Fire Magic     | 4 |  4.7
Dodging        | |  2.4
Stealth        | |  2.4
Spellcasting   | |  3.0

Action                   |  1- 3 |  4- 6 || total
-------------------------+-------+-------++-------
Melee: Unarmed           |     7 |       ||     7
       Dagger            |     8 |     2 ||    10
 Cast: Foxfire           |    65 |     5 ||    70
Armor: Robe              |     4 |     1 ||     5
Dodge: Dodged            |    26 |     8 ||    34
